 Dungeon Crawl Stone Soup version 0.31-a0-818-ge7c7cf74f0 (webtiles) character file.

Game seed: 13661454232504596787

114766 Joey1 the Severer (level 16, -6/157 HPs)
             Began as a Minotaur Berserker on Sept 22, 2023.
             Was a High Priest of Trog.
             Mangled by Asterion
             ... wielding a +2 spectral broad axe
              (35 damage)
             ... on level 2 of the Snake Pit on Sept 23, 2023.
             The game lasted 01:13:13 (28864 turns).

Joey1 the Severer (Minotaur Berserker)             Turns: 28864, Time: 01:13:14

Health: -6/157     AC: 19    Str: 29    XL:     16   Next: 17%
Magic:  15/15      EV: 12    Int:  7    God:    Trog [*****.]
Gold:   2070       SH: 24    Dex: 11    Spells: 15/15 levels left

rFire   + + .        R - +7 broad axe (heavy)
rCold   . . .        v - +0 tower shield
rNeg    + . .        g - +0 swamp dragon scales
rPois   +            (helmet restricted)
rElec   .            y - +0 cloak
rCorr   .            f - +1 pair of gloves {Stlth+}
SInv    .            m - +4 pair of boots "Zueb" {rF+ rN+ Int+3}
Will    ++...        p - amulet of reflection
Stlth   ++           U - ring of willpower
HPRegen 0.46/turn    j - ring of protection from fire
MPRegen 0.14/turn

%: reflection
@: lethally poisoned (-6 -> -18)
A: horns 2, retaliatory headbutt
a: Renounce Religion, Berserk, Trog's Hand, Brothers in Arms


You were on level 2 of the Snake Pit.
You worshipped Trog.
Trog was extremely pleased with you.
You visited 4 branches of the dungeon, and saw 24 of its levels.
You also visited: Sewer, Ossuary and Ice Cave.

You collected 2780 gold pieces.
You spent 710 gold pieces at shops.

Inventory:

Hand Weapons
 R - a +7 heavy broad axe (weapon)
 V - a +5 broad axe of flaming
Missiles
 o - 2 curare-tipped darts
 u - 3 silver javelins
 J - 2 throwing nets
 Z - 4 javelins
Armour
 f - a +1 pair of gloves of stealth (worn)
 g - +0 swamp dragon scales (worn)
 m - the +4 pair of boots "Zueb" (worn) {rF+ rN+ Int+3}
   (You found it on level 3 of the Dungeon)

   Int+3:     It affects your intelligence (+3).
   rF+:       It protects you from fire.
   rN+:       It protects you from negative energy.
 v - a +0 tower shield (worn)
 y - a +0 cloak (worn)
 z - a +0 buckler
 G - a +0 plate armour
 Y - a +3 leather armour of cold resistance
Jewellery
 i - a ring of see invisible
 j - a ring of protection from fire (right hand)
 p - an amulet of reflection (around neck)
 A - a +4 ring of protection
 U - a ring of willpower (left hand)
Wands
 E - a wand of polymorph (6)
 I - a wand of iceblast (9)
 K - a wand of paralysis (21)
 L - a wand of mindburst (12)
 N - a wand of acid (21)
 W - a wand of digging (6)
Scrolls
 h - 8 scrolls of enchant armour
 k - 3 scrolls of revelation
 l - 3 scrolls of blinking
 n - 2 scrolls of butterflies {unknown}
 q - 19 scrolls of teleportation
 r - 5 scrolls of fog
 t - 6 scrolls of fear
 w - 2 scrolls of noise {unknown}
 O - 3 scrolls of immolation
 P - 3 scrolls of vulnerability
 S - a scroll of brand weapon
 T - 3 scrolls of poison {unknown}
Potions
 a - 3 potions of resistance {unknown}
 c - 3 potions of cancellation
 d - 3 potions of berserk rage
 e - 3 potions of enlightenment
 s - 3 potions of lignification {unknown}
 x - 9 potions of heal wounds
 B - 2 potions of invisibility {unknown}
 C - 12 potions of might
 D - 13 potions of ambrosia
 F - 12 potions of curing
 H - a potion of brilliance {unknown}
 M - 2 potions of haste {unknown}
 Q - 2 potions of magic {unknown}
 X - 3 potions of mutation {unknown}
Miscellaneous
 b - a phial of floods


   Skills:
 - Level 18.0 Fighting
 - Level 19.0 Axes
 - Level 10.0 Armour
 - Level 5.0 Dodging
 - Level 0.2 Stealth
 + Level 17.3 Shields
 - Level 10.0 Evocations


You had 15 spell levels left.
You didn't know any spells.
Your spell library was empty.

Dungeon Overview and Level Annotations

Branches:
Dungeon (15/15)            Temple (0/1) D:4            Lair (5/5) D:9
 Shoals (0/4) Lair:3        Snake (2/4) Lair:3        Slime (0/5) Lair:4
    Orc (2/2) D:11            Elf (0/3) Orc:2        Vaults (0/5) D:13
 Depths (0/4) D:15          Sewer (visited)         Ossuary (visited)
  IceCv (visited)

Altars:
Dithmenos
Fedhas
Gozag
Hepliaklqana
Ru
Wu Jian
Yredelemnul
Jiyva

Shops:
D:3 :   D:7 *   D:14 !   Orc:1 (   Orc:2 [*(*   Snake:2 :=:

Portals:
Abyss: D:3

Annotations:
D:3 2 transporters, pokeman's ghost, weakling DEHW
Snake:2 Aizul; Asterion


Innate Abilities, Weirdness & Mutations

You have a pair of horns on your head.
You reflexively headbutt those who attack you in melee.


Message History

Aizul says, "Feeling sleepy?"
You block Aizul's attack.
Your stone giant goes berserk!
You block Aizul's attack. You block Aizul's attack.
Your stone giant misses Aizul.
Aizul coils herself and waves her upper body at you.
The poison arrow hits you!
You are poisoned.
You partially resist.
You feel sick.
Your stone giant hits Aizul!
Aizul hits your stone giant!
Your stone giant closely misses Aizul.
You slice Aizul!! You headbutt Aizul!
Aizul is severely wounded.
You hit Asterion.
You feel sick.
Aizul coils herself and waves her upper body at you.
The bolt of poison hits you.
You are more poisoned.
You resist.
Your stone giant closely misses Aizul.
Aizul casts a spell at you. The poison arrow misses you.
Asterion hits you with a +2 spectral broad axe.
Asterion hits your stone giant with a +2 spectral broad axe!
The +2 spectral broad axe hits your stone giant.
Asterion gores you but does no damage.
A +2 spectral broad axe comes into view.
You slice Aizul!! Your headbutt misses Aizul.
Aizul is severely wounded.
Asterion blocks your attack.
You feel very sick. You block Aizul's attack.
Asterion utters an invocation to Makhleb.
Aizul coils herself and waves her upper body at you.
You fall asleep.
You feel very sick. Aizul hits you!!!
You wake up.
* * * LOW HITPOINT WARNING * * *
The +2 spectral broad axe disappears.
Asterion hits you with a +2 spectral broad axe!!
You die...
Asterion screams, "The power of Makhleb!"

##.# ####.#### #
#######.......# #.
##.#>.##.......#
#.####.#............#
#.#...#.#C..#.......#
##...##.#............#
#....†..2..#.#.......#
#..!.###.H..#.........#
#...## ##S@...##.....#.
#...## #.....## #....#
#.H# #.......# #..# #..
.........# ##.
#.......### ..
#####.#.. #####.


You could see Aizul, Asterion, a cacodemon (summoned) and a friendly stone giant
(summoned, berserk).

Vanquished Creatures
  Frances (D:13)
  A tengu reaver (D:12)
  A nagaraja (Snake:2)
  An ettin (D:15)
  Snorg (D:14)
  A yaktaur captain (D:13)
  Fannar (Lair:3)
  8 hydras
  A catoblepas (Lair:5)
  4 ogre magi (Orc:2)
  A jorogumo (shapeshifter) (D:12)
  2 anacondas (Snake:1)
  Erica (D:9)
  A centaur warrior (D:13)
  19 two-headed ogres
  A merfolk avatar (Lair:5)
  A naga warrior (Snake:1)
  3 boulder beetles
  A tengu warrior (D:14)
  3 death yaks (D:9)
  3 shock serpents
  5 naga sharpshooters
  Sonja (Orc:2)
  3 skeletal warriors (D:14)
  Lodul (D:13)
  Amaemon (Lair:2)
  3 deep trolls (D:15)
  A naga ritualist (Snake:1)
  A wizard (D:11)
  3 harpies (Lair:5)
  3 orc knights
  3 deep elf pyromancers
  A necromancer (D:15)
  3 mana vipers (Snake:1)
  An orc sorcerer (Orc:2)
  2 wolf spiders
  7 cyclopes
  4 salamanders
  3 ugly things
  6 manticores
  17 black mambas
  4 naga magi (Snake:1)
  11 centaur zombies (D:10)
  A merfolk siren (Lair:3)
  3 ice statues (IceCv)
  A black mamba (shapeshifter) (D:14)
  2 guardian serpents (Snake:1)
  11 elephants
  An orange demon (Lair:2)
  5 cane toads
  An unseen horror (D:11)
  2 gargoyles
  Maggie (D:9)
  4 rime drakes
  A rime drake (shapeshifter) (D:15)
  A freezing wraith (IceCv)
  Jeremiah (D:9)
  5 efreet
  8 komodo dragons
  5 yaktaurs
  A queen bee (Lair:3)
  A tengu conjurer (D:15)
  5 trolls
  3 meliai (D:14)
  7 polar bears
  A wind drake (shapeshifter) (D:15)
  3 hornets
  6 blink frogs
  7 dream sheep
  Sigmund (D:3)
  15 slime creatures
  6 wyverns
  2 wraiths
  A vampire (D:13)
  A dire elephant simulacrum (IceCv)
  Grum (D:9)
  A water elemental (D:14)
  25 yaks
  A death yak simulacrum (IceCv)
  4 vampire mosquitoes (D:13)
  5 steam dragons
  A redback (shapeshifter) (D:12)
  4 basilisks
  A basilisk (shapeshifter) (D:14)
  A harpy simulacrum (IceCv)
  2 wargs
  13 nagas
  6 water moccasins
  4 acid dragons
  2 ice beasts
  14 orc warriors
  A sky beast (D:7)
  5 black bears
  45 ogres
  12 centaurs
  25 wolves
  2 kobold brigands
  An elf zombie (Ossuary)
  7 bullfrogs
  6 scorpions
  4 wights (D:8)
  34 killer bees
  2 elephant simulacra (IceCv)
  2 howler monkeys
  5 electric eels
  2 hounds (D:5)
  3 gnoll boudas
  8 jellies
  2 human zombies
  8 orc priests
  4 iguanas
  10 orc wizards
  A hell rat (D:9)
  A polar bear simulacrum (IceCv)
  2 wolf simulacra (IceCv)
  2 hound zombies (Ossuary)
  4 mummies (Ossuary)
  25 gnolls
  4 adders
  A river rat (D:9)
  A shadow imp (D:5)
  A white imp (D:6)
  3 ufetubi
  A worm (D:5)
  2 dart slugs
  39 orcs
  4 ball pythons
  A bat (D:1)
  12 endoplasms
  8 giant cockroaches
  A gnoll zombie (Ossuary)
  A hobgoblin (D:2)
  5 quokkas
  6 frilled lizards
  5 goblins
  2 goblin zombies (Ossuary)
  3 jackal zombies (Ossuary)
  16 kobolds
  A kobold zombie (D:6)
  An orc zombie (Ossuary)
  5 rats
  A rat zombie (Ossuary)
  A butterfly (D:4)
686 creatures vanquished.

Vanquished Creatures (others)
  A naga warrior (Snake:1)
1 creature vanquished.

Grand Total: 687 creatures vanquished

Notes
Turn   | Place    | Note
-------+----------+-------------------------------------------
     0 | D:1      | Joey1 the Minotaur Berserker began the quest for the Orb.
     0 | D:1      | Reached XP level 1. HP: 19/19 MP: 0/0
     2 | D:1      | Noticed a naga
     2 | D:1      | Noticed a draconian
     4 | D:1      | Noticed an elf
     4 | D:1      | Noticed a meteoran
     6 | D:1      | Noticed a demigod
     6 | D:1      | Noticed an octopode
     8 | D:1      | Noticed a felid
     8 | D:1      | Noticed a demonspawn
    10 | D:1      | Noticed a gargoyle
    12 | D:1      | Noticed a troll
    12 | D:1      | Noticed a merfolk
    14 | D:1      | Noticed a ghoul
    16 | D:1      | Noticed a formicid
    16 | D:1      | Noticed a vampire
    18 | D:1      | Noticed a minotaur
    18 | D:1      | Noticed a vine stalker
    20 | D:1      | Noticed an ogre
    20 | D:1      | Noticed a tengu
    22 | D:1      | Noticed a spriggan
    22 | D:1      | Noticed a human
    24 | D:1      | Noticed an elf
    26 | D:1      | Noticed an armataur
   208 | D:1      | Reached XP level 2. HP: 27/27 MP: 1/1
   326 | D:1      | Reached skill level 4 in Axes
  1197 | D:3      | Found Odde's Book Emporium.
  1262 | D:3      | Reached ** piety under Trog
  1263 | D:3      | Reached XP level 3. HP: 33/33 MP: 2/2
  1266 | D:3      | Noticed a small abomination
  1273 | D:3      | Found a transporter.
  1288 | D:3      | Found a transporter.
  1405 | D:3      | Reached XP level 4. HP: 40/40 MP: 3/3
  1426 | D:3      | Noticed pokeman's ghost (weakling DEHW)
  1428 | D:3      | Found a one-way gate to the infinite horrors of the Abyss.
  1479 | D:3      | Identified the +4 pair of boots "Zueb" {rF+ rN+ Int+3}
  1519 | D:3      | Reached skill level 5 in Axes
  1632 | D:3      | Noticed Sigmund
  1648 | D:3      | Killed Sigmund
  1649 | D:3      | Reached skill level 5 in Fighting
  1649 | D:3      | Reached skill level 6 in Axes
  1649 | D:3      | Reached XP level 5. HP: 41/48 MP: 4/4
  1649 | D:3      | Reached XP level 6. HP: 48/56 MP: 5/5
  2024 | D:4      | Found a staircase to the Ecumenical Temple.
  2202 | D:4      | Found a glowing drain.
  2219 | Sewer    | Entered a sewer
  2258 | Sewer    | Reached skill level 7 in Axes
  2327 | Sewer    | Found a viscous altar of Jiyva.
  2330 | Sewer    | Reached *** piety under Trog
  2560 | Sewer    | Reached XP level 7. HP: 56/61 MP: 6/6
  2963 | D:4      | Found an opulent altar of Gozag.
  3452 | D:5      | Entered Level 5 of the Dungeon
  3536 | D:5      | Reached skill level 8 in Axes
  3540 | D:5      | Reached skill level 5 in Dodging
  3830 | D:5      | Reached skill level 9 in Axes
  3889 | D:5      | Reached skill level 10 in Axes
  3889 | D:5      | Reached XP level 8. HP: 68/68 MP: 7/7
  4387 | D:5      | Reached skill level 11 in Axes
  4669 | D:6      | Reached **** piety under Trog
  4685 | D:6      | Reached skill level 12 in Axes
  4981 | D:6      | Found a sand-covered staircase.
  4991 | Ossuary  | Entered an ossuary
  5019 | Ossuary  | Reached skill level 13 in Axes
  5019 | Ossuary  | Reached XP level 9. HP: 55/74 MP: 8/8
  5909 | D:6      | Reached skill level 14 in Axes
  5990 | D:7      | Reached ***** piety under Trog
  6252 | D:7      | Found Uloodgh's General Store.
  6353 | D:7      | Reached skill level 15 in Axes
  6655 | D:7      | Paralysed by a hornet for 1 turns
  6933 | D:8      | Noticed a manticore
  7126 | D:8      | Noticed a troll
  7127 | D:8      | Noticed an efreet
  7132 | D:7      | Killed a troll
  7158 | D:8      | Noticed a two-headed ogre
  7159 | D:8      | Noticed a manticore
  7190 | D:7      | Reached skill level 16 in Axes
  7190 | D:7      | Reached XP level 10. HP: 49/81 MP: 9/9
  7289 | D:8      | Received a gift from Trog
  7297 | D:7      | Killed a manticore
  7397 | D:8      | Noticed a gargoyle
  7409 | D:8      | Killed a gargoyle
  7589 | D:7      | Killed a manticore
  7592 | D:7      | Bought a scroll of brand weapon for 95 gold pieces
  7603 | D:8      | Killed a two-headed ogre
  7872 | D:8      | Noticed a cyclops
  7881 | D:8      | Killed a cyclops
  8526 | D:8      | Identified the +5 sling "Lehisk" {freeze, rN+}
  8570 | D:8      | Reached skill level 10 in Fighting
  8644 | D:9      | Paralysed by a hornet for 2 turns
  8647 | D:9      | Reached skill level 17 in Axes
  8752 | D:9      | Noticed Maggie
  8760 | D:9      | Killed Maggie
  8761 | D:9      | Reached XP level 11. HP: 99/99 MP: 10/10
  8802 | D:9      | Noticed Erica
  8809 | D:9      | Killed Erica
  8825 | D:9      | Reached skill level 18 in Axes
  8953 | D:9      | Found a hazy altar of Hepliaklqana.
  9086 | D:9      | Found a staircase to the Lair.
  9089 | D:9      | Noticed Grum
  9321 | D:9      | Killed Grum
  9649 | D:9      | Noticed Jeremiah
  9691 | D:9      | Killed Jeremiah
  9965 | D:9      | Noticed a death yak
  9965 | D:9      | Noticed a death yak
  9966 | D:9      | Noticed a death yak
  9971 | D:9      | Killed a death yak
  9974 | D:9      | Killed a death yak
  9978 | D:9      | Killed a death yak
 10349 | Lair:1   | Entered Level 1 of the Lair of Beasts
 10571 | Lair:1   | Found a frozen archway.
 10580 | IceCv    | Entered an ice cave
 10718 | IceCv    | Noticed a white ugly thing
 10729 | IceCv    | Killed a white ugly thing
 10823 | IceCv    | Reached XP level 12. HP: 77/117 MP: 11/11
 11120 | IceCv    | Identified the +7 spear of Bedazzled Forgiveness {heavy,
                  | Str+3 Int+3}
 11355 | Lair:1   | Reached skill level 15 in Fighting
 11772 | Lair:2   | Reached skill level 5 in Armour
 12009 | Lair:2   | Noticed Amaemon
 12018 | Lair:2   | Paralysed by Amaemon for 4 turns
 12030 | Lair:2   | Killed Amaemon
 12715 | Lair:2   | Received a gift from Trog
 13200 | Lair:3   | Noticed Fannar
 13210 | Lair:3   | Killed Fannar
 13379 | Lair:3   | Reached skill level 10 in Armour
 13387 | Lair:3   | Found a staircase to the Snake Pit.
 14010 | Lair:3   | Found a staircase to the Shoals.
 14304 | Lair:3   | Reached XP level 13. HP: 64/129 MP: 12/12
 14699 | Lair:4   | Found a viscous altar of Jiyva.
 15120 | Lair:4   | Found a staircase to the Slime Pits.
 15799 | Lair:5   | Entered Level 5 of the Lair of Beasts
 15864 | Lair:5   | Reached skill level 1 in Shields
 15864 | Lair:5   | Reached skill level 1 in Evocations
 15942 | Lair:5   | Reached ****** piety under Trog
 15978 | Lair:5   | Received a gift from Trog
 16070 | Lair:5   | Reached skill level 5 in Shields
 16095 | Lair:5   | Paralysed by a hornet for 2 turns
 16101 | Lair:5   | Reached skill level 5 in Evocations
 16757 | Lair:5   | Reached XP level 14. HP: 143/143 MP: 13/13
 17452 | D:10     | Entered Level 10 of the Dungeon
 17708 | D:10     | Found a blossoming altar of Fedhas.
 17754 | D:10     | Found a basalt altar of Yredelemnul.
 17931 | D:10     | Found a sacrificial altar of Ru.
 18044 | D:10     | Found an ornate altar of the Wu Jian Council.
 18455 | D:11     | Found a staircase to the Orcish Mines.
 18469 | D:11     | Received a gift from Trog
 19133 | Orc:1    | Entered Level 1 of the Orcish Mines
 19256 | Orc:1    | Found Bihics's Antique Weapon Shoppe.
 19545 | Orc:2    | Entered Level 2 of the Orcish Mines
 19545 | Orc:2    | Found Voupsoer's Overcharged Wands.
 19616 | Orc:2    | Noticed Sonja
 19640 | Orc:2    | Killed Sonja
 20011 | Orc:2    | Found a staircase to the Elven Halls.
 20589 | Orc:2    | Reached skill level 10 in Evocations
 20598 | Orc:2    | Reached skill level 10 in Shields
 20784 | Orc:2    | Received a gift from Trog
 20865 | Orc:2    | Found Gisut's Antique Armour Emporium.
 20865 | Orc:2    | Found Loaryguhyr's General Store.
 20865 | Orc:2    | Found Teova's Weapon Boutique.
 20865 | Orc:2    | Found Beapsij's Armour Shoppe.
 20876 | Orc:2    | Bought a +0 tower shield for 76 gold pieces
 21272 | Orc:2    | Bought a scroll of teleportation for 39 gold pieces
 21272 | Orc:2    | Bought a potion of curing for 39 gold pieces
 21272 | Orc:2    | Bought a scroll of teleportation for 39 gold pieces
 21272 | Orc:2    | Bought a scroll of silence for 123 gold pieces
 21376 | D:12     | Noticed a tengu reaver
 21387 | D:12     | Killed a tengu reaver
 21388 | D:12     | Reached XP level 15. HP: 78/149 MP: 14/14
 22515 | D:12     | Reached skill level 19 in Axes
 22686 | D:13     | Noticed Lodul
 22687 | D:13     | Killed Lodul
 22737 | D:13     | Noticed Frances
 22745 | D:13     | Killed Frances
 23038 | D:13     | Received a gift from Trog
 23523 | D:13     | Found a gate to the Vaults.
 24311 | D:14     | Found a shadowy altar of Dithmenos.
 24448 | D:14     | Noticed Snorg
 24454 | D:14     | Killed Snorg
 24558 | D:14     | Found Ulyneih's Distillery.
 24563 | D:14     | Bought a potion of might for 52 gold pieces
 24563 | D:14     | Bought a potion of heal wounds for 65 gold pieces
 24563 | D:14     | Bought a potion of heal wounds for 65 gold pieces
 24563 | D:14     | Bought a potion of curing for 39 gold pieces
 24563 | D:14     | Bought a potion of curing for 39 gold pieces
 24563 | D:14     | Bought a potion of curing for 39 gold pieces
 24718 | D:15     | Entered Level 15 of the Dungeon
 25617 | D:15     | Reached skill level 15 in Shields
 25928 | D:15     | Found a staircase to the Depths.
 26713 | Snake:1  | Entered Level 1 of the Snake Pit
 27462 | Snake:1  | Reached XP level 16. HP: 150/157 MP: 8/15
 28408 | Snake:2  | Found Megam's Book Emporium.
 28409 | Snake:2  | Found Xaudaup's Jewellery Boutique.
 28410 | Snake:2  | Found Coddawav's Book Emporium.
 28853 | Snake:2  | Noticed Asterion
 28855 | Snake:2  | Noticed Aizul
 28864 | Snake:2  | Mangled by Asterion

Illustrated notes

Levels and vault maps discovered:
D:1:      kb_arrival_jail, layout_basic
D:2:      layout_loops_cross, chequers_serial_rivers_micro_a
D:3:      layout_basic, serial_shops, shop, gammafunk_ghost_abyssal_escape,
          grunt_ministairs_15, uniq_sigmund
D:4:      layout_loops_corners, amcnicky_altar_gilded,
          minmay_temple_entry_butterflies, gup_sewer_entry_pipe
D:5:      wad_pebble_path, layout_basic, minmay_misc_feat_enclosed
D:6:      layout_cave_pods, enter_ossuary_3
D:7:      layout_loops_ring, nicolae_take_the_stairs
D:8:      layout_basic, minmay_the_grid_2x2 [minmay_the_grid_zigzag_pyramid,
          minmay_the_grid_paths, minmay_the_grid_diamond_grid,
          minmay_the_grid_prize_trominoes]
D:9:      layout_loops_ring, mainiacjoe_overflow_six_doors_small,
          dpeg_lair_monsters, serial_ice, serial_ice_c, serial_ice_h,
          serial_ice_o, serial_ice_g, uniq_erica, uniq_jeremiah, uniq_grum,
          uniq_maggie
D:10:     layout_roguey, nicolae_ru_the_path_less_chosen,
          nicolae_yredelemnul_corpse_copse, mainiacjoe_overflow_catwalk_spiral
D:11:     lemuel_ogre_cave, layout_long_grid
D:12:     minmay_diamond_stairs, layout_irregular_city
D:13:     layout_irregular_city, david_vaults_2, uniq_lodul, uniq_frances
D:14:     layout_cave_pools, serial_shops, nicolae_shop_hallway_plus,
          serial_park, serial_park_gazebo [serial_park_minivault_5x5_8],
          serial_park_fountain, serial_park_tiny_pond, serial_park_square1
          [serial_park_minivault_5x5_2], grunt_dithmenos_smoke,
          nicolae_concentric_dashed_squares_mild, uniq_snorg
D:15:     hangedman_depths_entry_civil_slaughter, layout_layer_cave,
          chequers_serial_rivers_large_b, small_statue_alley_a
Lair:1:   layout_small_grid, portal_ice_cave_entry_pillars_1
Lair:2:   layout_misc_corridors, uniq_amaemon
Lair:3:   layout_roguey, elwin_shoals_entry_rooms,
          minmay_snake_entry_guardpost_medium, nicolae_volcano_entry_s_turn,
          special_room [special_room_bee], serial_bayou_lake_a, uniq_fannar
Lair:4:   layout_cave_pods, slime_entry_1, nicolae_lair_run_with_the_wolves
Lair:5:   gammafunk_lair_ancient_temple, layout_small_grid,
          hangedman_lair_generics_rect
Snake:1:  layout_basic, grunt_megastairs_1
Snake:2:  layout_chambers, nicolae_snake_serpentine_hallways, minmay_shop_grove,
          uniq_aizul, uniq_asterion
Orc:1:    layout_caves, serial_shops, nicolae_diamond_shop,
          nicolae_orc_sculptors_studio
Orc:2:    st_orc_ogre_mass, layout_caves, nicolae_shop_overcharged_wands,
          uniq_sonja

Skill      XL: |  1  2  3  4  5  6  7  8  9 10 11 12 13 14 15 16 |
---------------+-------------------------------------------------+-----
Axes           | 4 6 7 10 13 16 17 18 19 | 19.0
Fighting       | 4 5 10 14 16 18 | 18.0
Armour         | 3 10 | 10.0
Dodging        | 3 4 5 |  5.0
Shields        | 5 10 16 17 | 17.3
Evocations     | 6 10 | 10.0
Stealth        | |  0.2

Action                     |  1- 3 |  4- 6 |  7- 9 | 10-12 | 13-15 | 16-18 || total
---------------------------+-------+-------+-------+-------+-------+-------++-------
  Melee: Hand axe          |    61 |   102 |   266 |       |       |       ||   429
         Headbutt          |     9 |    17 |    91 |    72 |   143 |     9 ||   341
         Punch             |     2 |     3 |     8 |     6 |     1 |       ||    20
         War axe           |       |       |    98 |    26 |       |       ||   124
         Broad axe         |       |       |       |   372 |   700 |    46 ||  1118
 Invoke: Berserk           |       |     1 |       |     1 |     1 |       ||     3
         Trog's Hand       |       |       |     1 |       |     1 |       ||     2
         Brothers in Arms  |       |       |       |       |       |     1 ||     1
    Use: Scroll            |       |       |     5 |     7 |    10 |       ||    22
   Stab: Sleeping          |     1 |     3 |     3 |     1 |       |       ||     8
 Armour: Ring mail         |    28 |    42 |    50 |       |       |       ||   120
         Animal skin       |     4 |       |       |       |       |       ||     4
         Plate armour      |       |       |   204 |   356 |   667 |       ||  1227
         Leather armour    |       |       |       |    25 |       |       ||    25
         Skin              |       |       |       |       |     2 |       ||     2
         Swamp dragon scal |       |       |       |       |    40 |    36 ||    76
  Dodge: Dodged            |    32 |    47 |   158 |   180 |   247 |    11 ||   675
  Block: Other             |       |    15 |    72 |    80 |    55 |       ||   222
         Reflection        |       |       |     5 |       |    33 |     5 ||    43
         Buckler           |       |       |       |       |   267 |       ||   267
         Tower shield      |       |       |       |       |    15 |    46 ||    61

Table legend: (Time is in decaauts)
 A = Elapsed time spent in this place.
 B = Non-inter-level travel time spent in this place.
 C = Inter-level travel time spent in this place.
 D = Time resting spent in this place.
 E = Time spent auto-exploring this place.
 F = Levels seen in this place.
 G = Mean time per level.
                   A        B        C        D        E       F      G
               +--------+--------+--------+--------+--------+-----+--------+
         Total |  29054 |  27167 |   1887 |   3652 |  18528 |  27 | 1076.1 |
       Dungeon |  17096 |  15696 |   1400 |   2059 |  11080 |  15 | 1139.7 |
          Lair |   6267 |   5947 |    320 |    383 |   4247 |   5 | 1253.4 |
     Snake Pit |   2162 |   2149 |     13 |    295 |   1561 |   2 | 1081.0 |
  Orcish Mines |   2249 |   2096 |    153 |    538 |   1161 |   2 | 1124.5 |
         Sewer |    432 |    432 |      0 |      0 |    295 |   1 |  432.0 |
       Ossuary |    254 |    254 |      0 |      0 |    183 |   1 |  254.0 |
      Ice Cave |    591 |    591 |      0 |    377 |      0 |   1 |  591.0 |
               +--------+--------+--------+--------+--------+-----+--------+

Top non-repeatable levels by time:
     D:8: 1806 daAuts
  Lair:3: 1667 daAuts
  Lair:5: 1626 daAuts
     D:9: 1597 daAuts
 Snake:1: 1594 daAuts
    D:15: 1483 daAuts
   Orc:2: 1465 daAuts
     D:7: 1369 daAuts
    D:12: 1297 daAuts
     D:5: 1273 daAuts
    D:14: 1214 daAuts
  Lair:4: 1204 daAuts
    D:13: 1191 daAuts
  Lair:2: 1052 daAuts
     D:4: 1050 daAuts
